 Dungeon Crawl Stone Soup version 0.27.1-33-g824d729ab1 (webtiles) character file.

Game seed: 3254795130625667860

16446 CasbienBarr the Carver (level 12, -4/103 HPs)
             Began as a Demonspawn Abyssal Knight on Nov 30, 2021.
             Was a Priest of Lugonu.
             Slain by an azure jelly (shapeshifter) (14 damage)
             ... on level 11 of the Dungeon.
             The game lasted 01:12:10 (14591 turns).

CasbienBarr the Carver (Demonspawn Abyssal Knight) Turns: 14591, Time: 01:12:11

Health: -4/103     AC:  9    Str: 14    XL:     12   Next: 10%
Magic:  0/31       EV: 18    Int: 20    God:    Lugonu [***...]
Gold:   1427       SH:  0    Dex: 14    Spells: 9/24 levels left

rFire    + + .     SeeInvis +   p - +9 triple sword of the Throat {freeze, rF++}
rCold    . . .     Faith    .   (shield currently unavailable)
rNeg     . . .     Spirit   +   r - +2 robe of Honour {Will+ Int+6 SInv}
rPois    .         Reflect  .   h - +2 helmet
rElec    .         Harm     .   (no cloak)
rCorr    .         Rampage  .   (no gloves)
Will     +....                  (no boots)
Stlth    +++.......             (no amulet)
HPRegen  0.27/turn              j - +4 ring of evasion
MPRegen  0.44/turn              n - ring of magical power

@: studying Stealth
A: talons 1, yellow scales 1, demonic guardian 1, magic shield, magic
regeneration, clumsy 1, robust 1
a: Renounce Religion, Depart the Abyss, Bend Space, Banish


You were on level 11 of the Dungeon.
You worshipped Lugonu.
Lugonu was most pleased with you.
You visited 2 branches of the dungeon, and saw 12 of its levels.
You visited the Abyss 2 times.
You also visited: Sewer and Ossuary.

You collected 1427 gold pieces.

Inventory:

Hand Weapons
 d - a +1 flail of protection
 g - a +5 great sword of freezing
 i - a +1 whip of electrocution
 p - the +9 triple sword of the Throat (weapon) {freeze, rF++}
   (You acquired it on level 6 of the Dungeon)

   It freezes those it strikes, dealing additional cold damage.
   It can also slow down cold-blooded creatures.
   rF:        It greatly protects you from fire.
Missiles
 l - 16 poisoned darts
 u - 3 boomerangs of dispersal
 v - 7 curare-tipped darts
Armour
 f - +0 steam dragon scales
 h - a +2 helmet (worn)
 q - a +1 ring mail of cold resistance
 r - the +2 robe of Honour (worn) {Will+ Int+6 SInv}
   (You found it on level 5 of the Dungeon)

   Int:       It affects your intelligence (+6).
   SInv:      It lets you see invisible.
   Will:      It increases your willpower.
 z - a +2 chain mail of poison resistance
Jewellery
 j - a +4 ring of evasion (left hand)
 n - a ring of magical power (right hand)
 x - a ring of ice
 y - an amulet of magic regeneration
Wands
 a - a wand of paralysis (2)
 b - a wand of flame (12) (quivered)
 e - a wand of mindburst (6)
 o - a wand of polymorph (4)
Scrolls
 c - a scroll of identify
 k - 2 scrolls of teleportation
 s - a scroll of noise
Potions
 m - 3 potions of mutation
 t - a potion of attraction
 w - a potion of invisibility
 A - a potion of might
Miscellaneous
 B - a tin of tremorstones (2/2)


   Skills:
 * Level 8.4 Fighting
 + Level 9.0 Long Blades
 - Level 6.2 Maces & Flails
 - Level 3.1 Throwing
 + Level 3.5 Armour
 + Level 5.6 Dodging
 + Level 5.8 Stealth
 * Level 6.9 Spellcasting
 + Level 2.6 Translocations
 + Level 4.0 Ice Magic
 - Level 5.6 Invocations
 + Level 3.3 Evocations


You had 9 spell levels left.
You knew the following spells:

 Your Spells              Type           Power      Damage    Failure   Level
a - Teleport Other        Tloc           17%        N/A       10%         3
b - Freeze                Ice            92%        1d10      1%          1
c - Gell's Gravitas       Tloc           8%         N/A       10%         3
d - Hailstorm             Conj/Ice       15%        3d5       38%         4
e - Petrify               Tmut/Erth      7%         N/A       67%         4

Your spell library contained the following spells:

 Spells                   Type           Power      Damage    Failure   Level
 Frozen Ramparts          Ice            46%        1d6       5%          3
 Lesser Beckoning         Tloc           8%         N/A       10%         3
 Metabolic Englaciation   Hex/Ice        7%         N/A       75%         5
 Statue Form              Tmut/Erth      4%         N/A       100%        6


Dungeon Overview and Level Annotations

Branches:
Dungeon (11/15)            Temple (0/1) D:7            Lair (1/6) D:8
    Orc (0/2) D:10          Sewer (visited)         Ossuary (visited)

Altars:
Ashenzari
Fedhas
Okawaru
Qazlal
Yredelemnul
The Shining One

Shops:
D:4 =

Annotations:
Lair:1 Grum
Abyss:1 Erolcha, Harold


Innate Abilities, Weirdness & Mutations

You have sharp toenails.
You are partially covered in yellow scales. (AC +2)
A weak demonic guardian rushes to your aid.
When hurt, damage is shared between your health and your magic reserves.
You regenerate magic rapidly.
You are clumsy. (Dex -2)
You are robust. (+10% HP)


Message History

You can no longer gate yourself to the Abyss.
Found a gateway leading deeper into the Abyss.
Found a scroll labelled XISAZE YHIST.
You are suddenly pulled into a different region of the Abyss!
You pass through the gate.
Welcome back to the Dungeon!
You can no longer corrupt the fabric of space.
Your rust devil disappears in a puff of smoke!
The storm dragon changes into an azure jelly!
The vampire mosquito bites you but does no damage.
The vampire mosquito bites you.
* * * LOW HITPOINT WARNING * * *
The vampire mosquito draws strength from your injuries!
The eight-headed hydra bites you but does no damage.
The eight-headed hydra bites you!
* * * LOW HITPOINT WARNING * * *
A demonic guardian appears!
The eight-headed hydra closely misses you.
The eight-headed hydra bites you but does no damage.
The eight-headed hydra bites you.
* * * LOW HITPOINT WARNING * * *
The eight-headed hydra misses you.
The eight-headed hydra completely misses you.
The eight-headed hydra closely misses you.
The purple ugly thing engulfs your ufetubus.
The white ugly thing basks in the mutagenic energy from its kin and changes!
The vampire mosquito barely misses you.
Your ufetubus hits the purple ugly thing. x2
The purple ugly thing barely misses your ufetubus.
You slash the azure jelly! You freeze the azure jelly.
You claw the azure jelly, but do no damage.
The azure jelly is lightly wounded.
The vampire mosquito closely misses your ufetubus.
Your ufetubus closely misses the purple ugly thing.
Your ufetubus barely misses the purple ugly thing.
The azure jelly hits you but does no damage.
The azure jelly hits you.
* * * LOW HITPOINT WARNING * * *
The azure jelly freezes you!!
You die...

.......# O .....#.### ### # ####.
.....#.#.. ..### .# #...#
.<.>.#.#.# # # #.# .##.# ##..C#
.......#.#.#)#)#.# #y.# #.Y..
...##..#.#.....#u###..##.###Y.Y##
##.###...#...uuu5.....⌠.....YY.#
#.# #.#.#(...y#D###.##..###uY#
#.# #.#.#)#.# #@#)#..# .# #.....
#.# #.#)#######J##.## .##.####
#.# #.#.......[.###)# ##§Y..c #.#
#.#####)##### ## #####. #.#
#.####.†## .# #.# #.##...).##.#
#.#.......#.# #.###.#..###..#.###
........## ..#... #


You could see an azure jelly shaped shifter, an eight-headed hydra, 2 ugly
things and a friendly ufetubus (summoned).

Vanquished Creatures
  A two-headed ogre (D:8)
  A harpy (shapeshifter) (D:11)
  An elephant (D:8)
  A kobold demonologist (D:11)
  A troll (D:9)
  2 hornets
  5 blink frogs (Lair:1)
  18 yaks
  3 steam dragons
  A human (D:10)
  3 vampire mosquitoes (D:11)
  An acid dragon (D:10)
  5 water moccasins
  6 orc warriors
  A hornet zombie (D:9)
  An ice beast (D:7)
  5 black bears
  A necrophage (D:5)
  A sky beast (D:6)
  4 ogres
  A wolf (D:8)
  5 centaurs
  6 bullfrogs
  2 kobold brigands
  2 gnoll sergeants
  3 scorpions
  2 wyvern zombies
  4 water moccasin skeletons
  4 killer bees
  4 wights (D:6)
  2 howler monkeys
  2 lava snakes (D:7)
  8 centaur zombies
  4 hounds
  2 jellies
  A human zombie (Ossuary)
  2 centaur skeletons (D:6)
  9 orc priests
  A gnoll shaman (D:9)
  4 iguanas
  Terence (D:3)
  Jessica (D:3)
  A human skeleton (D:10)
  8 orc wizards
  Natasha (thrice) (D:3)
  A hound zombie (D:5)
  3 mummies
  A howler monkey zombie (D:9)
  8 gnolls
  20 adders
  2 river rats (Sewer)
  2 shadow imps (D:6)
  A white imp (D:6)
  3 ufetubi
  An adder zombie (Ossuary)
  3 worms
  3 dart slugs (D:2)
  28 orcs
  19 ball pythons
  6 endoplasms
  9 giant cockroaches
  13 goblins
  13 hobgoblins
  2 jackals (D:5)
  4 quokkas
  3 bats
  6 frilled lizards
  A goblin zombie (Ossuary)
  6 hobgoblin zombies (Ossuary)
  2 jackal zombies (Ossuary)
  15 kobolds
  14 kobold zombies (Ossuary)
  9 orc zombies (Ossuary)
  31 rats
  A rat zombie (Ossuary)
374 creatures vanquished.

Vanquished Creatures (others)
  14 plants
  5 toadstools (D:1)
  3 withered plants (D:3)
22 creatures vanquished.

Grand Total: 396 creatures vanquished

Notes
Turn   | Place    | Note
-------+----------+-------------------------------------------
     0 | Abyss:1  | CasbienBarr the Demonspawn Abyssal Knight began the quest
                  | for the Orb.
     0 | Abyss:1  | Reached XP level 1. HP: 18/18 MP: 2/2
    69 | Abyss:1  | Noticed a wretched star
    70 | D:1      | Escaped the Abyss
   463 | D:1      | Gained mutation: You have sharp toenails. [demonic
                  | ancestry]
   463 | D:1      | Reached XP level 2. HP: 24/24 MP: 3/3
   683 | D:1      | Reached * piety under Lugonu
   717 | D:1      | Reached skill level 2 in Long Blades
  1258 | D:2      | Reached skill level 1 in Spellcasting
  1409 | D:2      | Gained mutation: You are partially covered in yellow
                  | scales. (AC +2) [demonic ancestry]
  1409 | D:2      | Reached XP level 3. HP: 29/29 MP: 5/5
  1797 | D:2      | Reached XP level 4. HP: 35/35 MP: 6/6
  1802 | D:2      | Reached skill level 1 in Dodging
  1998 | D:2      | Reached ** piety under Lugonu
  2431 | D:2      | Learned a level 3 spell: Teleport Other
  2513 | D:3      | Reached XP level 5. HP: 41/41 MP: 7/7
  2565 | D:3      | Reached skill level 1 in Maces & Flails
  2622 | D:3      | Noticed Jessica
  2626 | D:3      | Gained mutation: You are robust. (+10% HP) [potion of
                  | mutation]
  2626 | D:3      | Gained mutation: You are clumsy. (Dex -2) [potion of
                  | mutation]
  2628 | D:3      | Killed Jessica
  2753 | D:3      | Found a faded altar of an unknown god.
  2938 | D:3      | Noticed Natasha
  2942 | D:3      | Killed Natasha
  3320 | D:3      | Noticed Terence
  3337 | D:3      | Killed Terence
  3338 | D:3      | Gained mutation: You regenerate magic rapidly. [demonic
                  | ancestry]
  3338 | D:3      | Reached XP level 6. HP: 23/52 MP: 7/9
  3400 | D:3      | Noticed Natasha
  3406 | D:3      | Killed Natasha
  3423 | D:3      | Noticed Natasha
  3434 | D:3      | Killed Natasha
  3734 | D:3      | Learned a level 1 spell: Freeze
  3897 | D:4      | Found a glowing drain.
  3913 | Sewer    | Entered a sewer
  4039 | Sewer    | Reached *** piety under Lugonu
  4320 | Sewer    | Reached XP level 7. HP: 40/59 MP: 10/10
  4758 | D:4      | Found an iron altar of Okawaru.
  5226 | D:4      | Found Kufoy's Jewellery Boutique.
  5490 | D:4      | Reached **** piety under Lugonu
  5699 | D:5      | Entered Level 5 of the Dungeon
  5733 | D:5      | Reached skill level 1 in Ice Magic
  5757 | D:5      | Reached skill level 1 in Throwing
  5858 | D:5      | Gained mutation: When hurt, damage is shared between your
                  | health and your magic reserves. [demonic ancestry]
  5858 | D:5      | Reached XP level 8. HP: 67/67 MP: 12/12
  6049 | D:5      | Identified the +2 robe of Honour {Will+ Int+6 SInv}
  6082 | D:5      | Learned a level 3 spell: Gell's Gravitas
  6111 | D:5      | Reached skill level 5 in Maces & Flails
  6533 | D:5      | Reached skill level 5 in Fighting
  7448 | D:6      | Reached skill level 1 in Translocations
  7465 | D:6      | Reached ***** piety under Lugonu
  7651 | D:6      | Reached XP level 9. HP: 72/74 MP: 14/14
  7699 | D:6      | Found a sand-covered staircase.
  7708 | Ossuary  | Entered an ossuary
  7825 | Ossuary  | Reached skill level 3 in Long Blades
  8090 | D:6      | Found a stormy altar of Qazlal.
  8261 | D:6      | Learned a level 4 spell: Hailstorm
  8291 | D:6      | Reached skill level 4 in Long Blades
  8324 | D:6      | Noticed a six-headed hydra
  8325 | D:6      | Identified the -6 pair of boots "Poilyvar" {Dex+4}
  8342 | D:6      | Banished a six-headed hydra
  8343 | D:6      | Reached skill level 5 in Long Blades
  8343 | D:6      | Reached skill level 5 in Invocations
  8718 | D:6      | Reached XP level 10. HP: 75/83 MP: 16/16
  8840 | D:6      | Identified 2 scrolls of acquirement
  8842 | D:6      | Acquired the +9 triple sword of the Throat {freeze, rF++}
  8883 | D:6      | Acquired a manual of Stealth
  9107 | D:7      | Noticed Harold
  9121 | D:7      | Banished Harold
  9217 | D:7      | Reached skill level 6 in Long Blades
  9230 | D:7      | Found a blossoming altar of Fedhas.
  9568 | D:7      | Found a staircase to the Ecumenical Temple.
 10125 | D:7      | Reached skill level 5 in Spellcasting
 10493 | D:8      | Found a staircase to the Lair.
 10493 | D:8      | Noticed an elephant
 10500 | D:8      | Killed an elephant
 10501 | D:8      | Reached skill level 1 in Evocations
 10510 | D:8      | Reached skill level 7 in Long Blades
 10949 | D:8      | Learned a level 4 spell: Petrify
 11016 | Lair:1   | Entered Level 1 of the Lair of Beasts
 11033 | Lair:1   | Reached skill level 5 in Stealth
 11041 | Lair:1   | Noticed a cane toad
 11049 | Lair:1   | Noticed Grum
 11058 | D:8      | Reached XP level 11. HP: 20/92 MP: 16/19
 11399 | D:8      | Noticed a two-headed ogre
 11413 | D:8      | Killed a two-headed ogre
 11576 | D:9      | Noticed Erolcha
 11577 | D:9      | Reached skill level 5 in Dodging
 11589 | D:9      | Banished Erolcha
 12008 | D:9      | Found a flagged portal.
 12116 | D:9      | Found a broken altar of Ashenzari.
 12420 | D:10     | Entered Level 10 of the Dungeon
 12831 | D:10     | Found a staircase to the Orcish Mines.
 12959 | D:10     | Reached skill level 8 in Long Blades
 13350 | D:10     | Acquired 834 gold pieces
 13845 | D:10     | Found a runed translucent door.
 13851 | D:10     | Found a basalt altar of Yredelemnul.
 14013 | D:11     | Noticed a boulder beetle
 14014 | D:11     | Noticed a brown ugly thing
 14030 | D:11     | Noticed an orc knight
 14030 | D:11     | Noticed a white ugly thing
 14032 | D:11     | Noticed a green ugly thing
 14032 | D:11     | Noticed a boulder beetle
 14032 | D:11     | HP: 4/94 [troll (shapeshifter) (8)]
 14034 | D:11     | Noticed a two-headed ogre
 14034 | D:11     | Noticed a boulder beetle
 14474 | D:11     | Banished an orc knight
 14475 | D:11     | Gained mutation: A weak demonic guardian rushes to your
                  | aid. [demonic ancestry]
 14475 | D:11     | Reached XP level 12. HP: 89/103 MP: 19/22
 14569 | D:11     | Reached skill level 9 in Long Blades
 14582 | D:11     | Noticed a storm dragon
 14582 | D:11     | Noticed an eight-headed hydra
 14589 | D:11     | Escaped the Abyss
 14589 | D:11     | Noticed an azure jelly
 14589 | D:11     | a storm dragon changed into an azure jelly
 14591 | D:11     | Slain by an azure jelly (shapeshifter)

Illustrated notes

Levels and vault maps discovered:
D:1:      ldierk_walled_garden, layout_loops_ring
D:2:      minmay_thinvault, layout_rooms
D:3:      layout_loops_corners, shapermc_ecumenical_altar_flowoftime,
          serial_bayou_pond_d, uniq_natasha, uniq_jessica, uniq_terence
D:4:      minmay_wonky_spiral, layout_loops_ring, kennysheep_okawaru_gauntlet,
          serial_shops, nicolae_shop_window_shopping, portal_sewer_entry_b,
          minivault_14, hangedman_abyss_or_decor_lesser_grid,
          minmay_splitting_lines, grunt_tough_drop
D:5:      corexii_shack_village, layout_layer_cave, tso_oasis_becter
D:6:      layout_cave_pools, old_standard_altar, gup_ossuary_entry_pyramid,
          nzn_random_ring
D:7:      layout_basic, mainiacjoe_overflow_cross_hatched,
          minmay_temple_entry_glassed_door, hex_medium, kennysheep_potato,
          uniq_harold
D:8:      layout_cave_pools, david_lair_generic
D:9:      layout_big_octagon, ashenzari_conservatory_becter, enter_bailey_5,
          uniq_erolcha
D:10:     layout_stronghold, dk_yredelemnul_ordeal, david_orc_3,
          eino_tiny_chamber
D:11:     minmay_the_grid_3x3 [minmay_the_grid_medium_cups,
          minmay_the_grid_zigzag_pyramid, minmay_the_grid_tree,
          minmay_the_grid_diamond_grid, minmay_the_grid_mess,
          minmay_the_grid_holed_spiral, minmay_the_grid_armoury,
          minmay_the_grid_aliased_spiral, minmay_the_grid_prize_trominoes],
          layout_rooms, minivault_10, uniq_urug
Lair:1:   layout_hall_layers, wad_woods_river_01, serial_bayou_shore_a,
          lemuel_fruit_fields, serial_bayou_shore_b, minmay_lair_oklob_chamber,
          uniq_grum

Skill      XL: |  1  2  3  4  5  6  7  8  9 10 11 12 |
---------------+-------------------------------------+-----
Long Blades    | 2 5 7 8 9 |  9.0
Spellcasting   | 1 2 3 4 5 6 |  6.9
Armour         | 2 3 |  3.5
Dodging        | 1 2 3 4 5 |  5.6
Maces & Flails | 2 3 4 6 |  6.2
Fighting       | 4 5 6 7 8 |  8.4
Ice Magic      | 1 3 4 |  4.0
Throwing       | 1 2 3 |  3.1
Invocations    | 3 5 |  5.6
Translocations | 1 2 |  2.6
Stealth        | 5 |  5.8
Evocations     | 1 3 |  3.3

Action                   |  1- 3 |  4- 6 |  7- 9 | 10-12 || total
-------------------------+-------+-------+-------+-------++-------
Melee: Falchion          |    84 |    12 |       |       ||    96
       Kick              |    19 |    45 |    85 |    64 ||   213
       Whip              |       |   268 |    48 |       ||   316
       Flail             |       |       |   271 |       ||   271
       Great sword       |       |       |   117 |     2 ||   119
       Triple sword      |       |       |       |   210 ||   210
Throw: Stone             |       |     4 |    18 |       ||    22
       Javelin           |       |       |    17 |       ||    17
       Throwing net      |       |       |     1 |       ||     1
 Cast: Freeze            |       |       |     4 |       ||     4
       Teleport Other    |       |       |     1 |       ||     1
       Gell's Gravitas   |       |       |     1 |       ||     1
Invok: Depart the Abyss  |     1 |       |       |     1 ||     2
       Banish            |       |       |     3 |     5 ||     8
       Bend Space        |       |       |     2 |     6 ||     8
       Enter the Abyss   |       |       |       |     1 ||     1
Evoke: Wand              |       |       |     3 |    94 ||    97
  Use: Scroll            |     2 |     9 |     5 |    21 ||    37
       Potion            |       |     6 |    13 |     5 ||    24
 Stab: Invisible         |       |       |     3 |       ||     3
       Sleeping          |       |       |       |     2 ||     2
       Paralysed         |       |       |       |     2 ||     2
Armor: Ring mail         |    48 |    45 |    52 |       ||   145
       Scale mail        |       |   143 |    99 |       ||   242
       Robe              |       |       |   124 |   138 ||   262
Dodge: Dodged            |    69 |   304 |   605 |   367 ||  1345
       Rpst.: Falchion   |    30 |     3 |       |       ||    33
       Great sword       |       |       |    57 |     4 ||    61
       Triple sword      |       |       |       |    89 ||    89
